 Seeded DCSS version 0.28-a0-1415-g7c84da036a (webtiles) character file.

Game seed: 74894893043 (custom seed)

147 lonewolfV2 the Skirmisher (level 5, -7/47 HPs)
             Began as a Hill Orc Fighter on Jan 7, 2022.
             Killed by nerve-wracking pain
             ... invoked by Grinder
              (14 damage)
             ... on level 3 of the Dungeon.
             The game lasted 00:04:45 (2854 turns).

lonewolfV2 the Skirmisher (Hill Orc Fighter)        Turns: 2854, Time: 00:04:46

Health: -7/47      AC:  7    Str: 21    XL:     5   Next: 29%
Magic:  5/5        EV:  9    Int:  8    God:
Gold:   70         SH:  4    Dex: 10    Spells: 4/4 levels left

rFire   . . .      SeeInvis .   a - +0 trident (flame)
rCold   . . .      Faith    .   c - +0 buckler
rNeg    . . .      Spirit   .   b - +0 scale mail
rPois   .          Reflect  .   (no helmet)
rElec   .          Harm     .   (no cloak)
rCorr   .          Rampage  .   (no gloves)
Will    .....                   (no boots)
Stlth   ..........              (no amulet)
HPRegen 0.15/turn               (no ring)
MPRegen 0.09/turn               (no ring)

@: no status effects
A: no striking features
a: no special abilities


You were on level 3 of the Dungeon.
You visited 1 branch of the dungeon, and saw 3 of its levels.

You collected 70 gold pieces.

Inventory:

Hand Weapons
 a - a +0 trident of flaming (weapon)
Armour
 b - a +0 scale mail (worn)
 c - a +0 buckler (worn)
Wands
 h - a wand of iceblast (10)
Scrolls
 f - 3 scrolls of identify
Potions
 d - 2 potions of might
 e - a potion of curing
 g - a potion of haste


   Skills:
 + Level 4.5 Fighting
 + Level 3.7 Polearms
 + Level 4.2 Armour
 + Level 0.6 Dodging
 + Level 3.9 Shields


You had 4 spell levels left.
You didn't know any spells.
Your spell library contained the following spells:

 Spells                   Type           Power      Damage    Failure   Level
 Corpse Rot               Necr/Air       0%         N/A       92%         2
 Poisonous Vapours        Pois/Air       0%         N/A       92%         2
 Tukima's Dance           Hex            0%         N/A       99%         3
 Passage of Golubria      Tloc           0%         N/A       100%        4
 Yara's Violent Unravell  Hex/Tmut       0%         3d3       100%        5


Dungeon Overview and Level Annotations

Branches:
Dungeon (3/15)

Altars:

Shops:
D:2 ?

Annotations:
D:3 Grinder


Message History

Grinder is lightly wounded.
Grinder barely misses you.
You closely miss Grinder.
Grinder is lightly wounded.
Grinder hits you. Grinder gestures at you.
You suddenly lose the ability to move!
Grinder hits you but does no damage. Grinder gestures at you.
You shrug off the repeated paralysis!
Grinder hits you but does no damage. Grinder hits you!
You writhe in agony.
You can move again.
You hit Grinder. You burn Grinder.
Grinder is moderately wounded.
Grinder hits you.
You writhe in agony.
You closely miss Grinder.
Grinder is moderately wounded.
Grinder hits you.
You writhe in agony.
You hit Grinder but do no damage.
Grinder is moderately wounded.
Grinder hits you but does no damage.
You barely miss Grinder.
Grinder is moderately wounded.
Grinder closely misses you.
You closely miss Grinder.
Grinder is moderately wounded.
Grinder gestures at you. Pain shoots through your body!
You closely miss Grinder.
Grinder is moderately wounded.
Grinder gestures at you. Pain shoots through your body!
* * * LOW HITPOINT WARNING * * *
You puncture Grinder! You burn Grinder.
Grinder is heavily wounded.
Grinder blinks!
Grinder gestures at you. Pain shoots through your body!
You die...

.######.###########
#.## #####..##
##...)...#
#....#...#
#...#.#..#
#..#._.#.#
..5..#ยง#..#
......#@..#
..........#
.#.5......#
##########


You could see Grinder.

Vanquished Creatures
  Terence (D:2)
  3 adders (D:2)
  2 worms (D:3)
  2 dart slugs
  2 orcs (D:3)
  8 endoplasms
  7 giant cockroaches
  4 goblins
  5 hobgoblins
  6 jackals
  5 quokkas
  7 ball pythons
  7 bats
  2 frilled lizards (D:1)
  7 kobolds
  8 rats
76 creatures vanquished.

Notes
Turn   | Place    | Note
-------+----------+-------------------------------------------
     0 | D:1      | lonewolfV2 the Hill Orc Fighter began the quest for the
                  | Orb.
     0 | D:1      | Reached XP level 1. HP: 19/19 MP: 1/1
   320 | D:1      | Reached XP level 2. HP: 25/27 MP: 2/2
   619 | D:1      | Reached XP level 3. HP: 28/33 MP: 3/3
  1286 | D:2      | Reached XP level 4. HP: 25/40 MP: 4/4
  1579 | D:2      | Found Ezior's Magic Scroll Emporium.
  1871 | D:2      | Noticed Terence
  1887 | D:2      | Killed Terence
  2128 | D:2      | Reached XP level 5. HP: 41/47 MP: 5/5
  2827 | D:3      | Found a faded altar of an unknown god.
  2836 | D:3      | Noticed Grinder
  2843 | D:3      | Paralysed by Grinder for 5 turns
  2854 | D:3      | Killed from afar by Grinder

Illustrated notes

Levels and vault maps discovered:
D:1:      shiori_arrival_maze, layout_basic, minmay_quantized
D:2:      layout_basic, serial_corexii_hall, corexii_hall_statues_s,
          corexii_hall_statues_t, chequers_hall_statues_corner_a,
          corexii_hall_statues_x, corexii_hall_statues_s,
          corexii_hall_statues_l, serial_shops, shop_fountains,
          item_on_display_a, uniq_terence
D:3:      layout_loops_ring, chequers_ecumenical_altar_simple_redux,
          kennysheep_generic_room_10, uniq_crazy_yiuf_cottage, uniq_grinder

Skill      XL: |  1  2  3  4 |
---------------+-------------+-----
Fighting       | 4 |  4.5
Polearms       | 3 |  3.7
Armour         | 4 |  4.2
Dodging        | |  0.6
Shields        | |  3.9

Action                   |  1- 3 |  4- 6 || total
-------------------------+-------+-------++-------
Melee: Trident           |   117 |   124 ||   241
  Use: Scroll            |     2 |     1 ||     3
Armor: Scale mail        |    47 |    65 ||   112
Dodge: Dodged            |    58 |    63 ||   121
Block: Buckler           |    19 |    34 ||    53

Table legend: (Time is in decaauts)
 A = Elapsed time spent in this place.
 B = Non-inter-level travel time spent in this place.
 C = Inter-level travel time spent in this place.
 D = Time resting spent in this place.
 E = Time spent auto-exploring this place.
 F = Levels seen in this place.
 G = Mean time per level.
                   A        B        C        D        E       F      G
               +--------+--------+--------+--------+--------+-----+--------+
         Total |   2898 |   2873 |     25 |      0 |   2228 |   3 |  966.0 |
       Dungeon |   2898 |   2873 |     25 |      0 |   2228 |   3 |  966.0 |
               +--------+--------+--------+--------+--------+-----+--------+

Top non-repeatable levels by time:
     D:2: 1431 daAuts
     D:1: 1112 daAuts
     D:3: 354 daAuts
